 Seeded DCSS version 0.29.1-15-g9cfb28693d (webtiles) character file.

Game seed: 14881856590796289809 (custom seed)

47 bmack86 the Shield-Bearer (level 3, 32/33 HPs)
             Began as a Minotaur Fighter on Mar 2, 2023.
             Quit the game on level 2 of the Dungeon.
             The game lasted 00:03:12 (1211 turns).

bmack86 the Shield-Bearer (Minotaur Fighter)        Turns: 1211, Time: 00:03:13

Health: 32/33      AC: 13    Str: 22    XL:     3   Next: 48%
Magic:  2/2        EV:  6    Int:  5    God:
Gold:   66         SH:  4    Dex:  9    Spells: 2/2 levels left

rFire   . . .      SeeInvis .   a - +1 war axe
rCold   . . .      Faith    .   c - +0 buckler
rNeg    . . .      Spirit   .   i - +0 plate armour
rPois   .          Reflect  .   (helmet restricted)
rElec   .          Harm     .   f - +0 cloak
rCorr   .          Rampage  .   (no gloves)
Will    .....                   (no boots)
Stlth   ..........              (no amulet)
HPRegen 0.11/turn               (no ring)
MPRegen 0.08/turn               (no ring)

@: no status effects
A: horns 2, retaliatory headbutt
a: no special abilities


You were on level 2 of the Dungeon.
You visited 1 branch of the dungeon, and saw 2 of its levels.

You collected 66 gold pieces.

Inventory:

Hand Weapons
 a - a +1 war axe (weapon)
 j - the +5 lochaber axe {reach-cleave, poleaxe}
   (You found it on level 2 of the Dungeon)

   It can be evoked to extend its reach, and strikes at all foes within reach,
   dealing less damage to those not targeted.
   It uses either Axes or Polearms skill, whichever is higher.
Armour
 b - a +0 scale mail
 c - a +0 buckler (worn)
 f - a +0 cloak (worn)
 i - a +0 plate armour (worn)
Wands
 h - a wand of paralysis (13)
Potions
 d - a potion of might
 e - a potion of cancellation
 g - a potion of curing


   Skills:
 + Level 4.0 Fighting
 * Level 3.5 Axes
 + Level 4.0 Armour
 + Level 4.1 Shields


You had 2 spell levels left.
You didn't know any spells.
Your spell library was empty.

Dungeon Overview and Level Annotations

Branches:
Dungeon (2/15)

Altars:


Innate Abilities, Weirdness & Mutations

You have a pair of horns on your head.
You reflexively headbutt those who attack you in melee.


Message History

The rat bites you but does no damage. The rat barely misses you.
You hit the rat. You headbutt the rat, but do no damage.
The rat is moderately wounded.
A giant cockroach comes into view.
The rat bites you but does no damage.
The giant cockroach moves out of view.
You slash the rat!
You kill the rat!
The jackal bites you but does no damage.
You barely miss the jackal. The jackal bites you.
You slash the jackal!
You kill the jackal!
You hit the jackal.
The jackal bites you but does no damage.
You hit the worm.
The worm is moderately wounded.
You closely miss the jackal. The jackal barely misses you.
The jackal bites you but does no damage.
You block the worm's attack.
You slash the worm!
The worm is almost dead.
You hit the jackal. You block the jackal's attack.
The jackal bites you but does no damage.
You block the worm's attack.
You slash the worm!
You kill the worm!
You barely miss the jackal. The jackal completely misses you.
The jackal barely misses you.
The jackal bites you but does no damage.
The jackal bites you.
You see here a worm corpse.
The jackal attacks as you move away! The jackal bites you.
You see here 11 gold pieces.
You hit the jackal.
You kill the jackal!
You see here a worm corpse.
You now have 60 gold pieces (gained 11).
You now have 66 gold pieces (gained 6).
You see here the +5 lochaber axe {reach-cleave, poleaxe}.
j - the +5 lochaber axe {reach-cleave, poleaxe} Are you sure you want to abandon this character and quit the game? (Confirm with "yes".)

## .# ##.## #.
...... #.#.....##
#.#.##... #.#.##.#
#....@[##.#
#..##.....#
#######.##†##..#
#..........# ....
#.#####........####
#.# #........# #.#
#......$.# #.#
#.....#### #.#
#.....#


There were no monsters in sight!

Vanquished Creatures
  A worm (D:2)
  5 bats (D:1)
  3 endoplasms (D:1)
  3 giant cockroaches (D:1)
  3 goblins (D:1)
  2 hobgoblins (D:1)
  8 jackals
  2 kobolds (D:1)
  A quokka (D:1)
  4 ball pythons (D:1)
  A frilled lizard (D:2)
  6 rats
39 creatures vanquished.

Notes
Turn   | Place    | Note
-------+----------+-------------------------------------------
     0 | D:1      | bmack86 the Minotaur Fighter began the quest for the Orb.
     0 | D:1      | Reached XP level 1. HP: 19/19 MP: 0/0
   136 | D:1      | Reached XP level 2. HP: 17/27 MP: 1/1
   771 | D:1      | Reached XP level 3. HP: 31/33 MP: 2/2
  1190 | D:2      | Found the +5 lochaber axe {reach-cleave, poleaxe}
  1211 | D:2      | Quit the game

Illustrated notes

Levels and vault maps discovered:
D:1:      heliophobic_arrival_battle_scene, layout_loops_ring, minmay_liquid_box
D:2:      layout_basic, minmay_tetromino_o4

Skill      XL: |  1  2  3 |
---------------+----------+-----
Axes           | 3 |  3.5
Shields        | 4 |  4.1
Armour         | 4 |  4.0
Fighting       | 4 |  4.0

Action                   || total
-------------------------++-------
Melee: War axe           ||    75
       Headbutt          ||    13
  Use: Scroll            ||     4
Armor: Scale mail        ||    14
       Plate armour      ||    35
Dodge: Dodged            ||    46
Block: Buckler           ||    22
